 Dungeon Crawl Stone Soup version 0.29-a0-284-gf9362112df (webtiles) character file.

Game seed: 9337206542172081378

102 spaghetti the Ruffian (level 4, 0/39 HPs)
             Began as a Minotaur Fighter on Mar 15, 2022.
             Succumbed to Sigmund's poison
             ... on level 2 of the Dungeon.
             The game lasted 00:02:20 (1932 turns).

spaghetti the Ruffian (Minotaur Fighter)            Turns: 1932, Time: 00:02:20

Health: 0/39       AC:  6    Str: 20    XL:     4   Next: 49%
Magic:  3/3        EV: 10    Int:  5    God:
Gold:   83         SH:  0    Dex: 12    Spells: 3/3 levels left

rFire   . . .      SeeInvis .     - Unarmed
rCold   . . .      Faith    .   b - +0 buckler
rNeg    . . .      Spirit   .   a - +0 scale mail
rPois   .          Reflect  .   (helmet restricted)
rElec   .          Harm     .   (no cloak)
rCorr   .          Rampage  .   (no gloves)
Will    .....                   (no boots)
Stlth   ..........              (no amulet)
HPRegen 0.13/turn               (no ring)
MPRegen 0.08/turn               (no ring)

@: confused, brilliant, lethally poisoned (0 -> -9), hasted, very quick
A: horns 2, retaliatory headbutt
a: no special abilities


You were on level 2 of the Dungeon.
You visited 1 branch of the dungeon, and saw 2 of its levels.

You collected 83 gold pieces.


Innate Abilities, Weirdness & Mutations

You have a pair of horns on your head.
You reflexively headbutt those who attack you in melee.


   Skills:
 - Level 3.6 Fighting
 - Level 3.6 Armour
 + Level 2.2 Dodging
 - Level 3.6 Shields
 + Level 4.6 Unarmed Combat


You had 3 spell levels left.
You didn't know any spells.
Your spell library contained the following spells:

 Spells                   Type           Power      Damage    Failure   Level
 Blink                    Tloc           0%         N/A       96%         2
 Lesser Beckoning         Tloc           0%         N/A       99%         3
 Manifold Assault         Tloc           0%         N/A       100%        5

Inventory:

Missiles
 d - 84 stones (quivered) {throwing}
Armour
 a - a +0 scale mail (worn)
 b - a +0 buckler (worn)
Jewellery
 f - a ring of see invisible
   (You found it on level 1 of the Dungeon)
 m - an amulet of regeneration {@e2}
   (You found it on level 2 of the Dungeon)
Wands
 n - a wand of charming (7)
   (You found it on level 2 of the Dungeon)
Scrolls
 c - a scroll of blinking {!r}
 l - a scroll of immolation {!r!r}

Dungeon Overview and Level Annotations

Branches:
Dungeon (2/15)

Altars:
Nemelex Xobeh

Annotations:
D:2 Sigmund

#.......##.....<.......
#.......##.......#####.
#.......##.......'.....
######'###.......######
#.# #.......# #..
####'######...## #..
#.....# #...# #..
#...{.# #...# #..
#...@.# #...# #..
####+## ##### ### .
....###### .......).#
+#######.#### ###


There were no monsters in sight!


Message History

d - 84 stones {throwing} (gained 33)
A goblin comes into view. It is wielding a +0 club.
A goblin is nearby!
A goblin is nearby!
You barely miss the goblin.
The goblin hits you with a +0 club. 😕 HP[-3]
You take 3 damage, and now have 36/39 hp.
You punch the goblin!
You kill the goblin!
You see here a +0 club {mace}.
Key pressed, stopping explore.
There is a stone staircase leading down here.
You open the door.
There is an open door here.
You open the door.
There is an open door here.
c - a scroll labelled IWUM DIMUIKUC 😎 HP[+3]
Your hp is fully restored (39).
o - a scroll labelled PESSO CUICVEIG
As you read the scroll labelled PESSO CUICVEIG, it crumbles to dust.
It is a scroll of identify.
c - a scroll of blinking
As you read the scroll labelled POIZXIR MISAE, it crumbles to dust.
It is a scroll of amnesia.
You feel forgetful for a moment.
As you read the scroll labelled XUTHRUH ESYCK, it crumbles to dust.
You speak a Word of immense power!
It was a scroll of holy word.
Key pressed, stopping explore.
Key pressed, stopping explore.
You open the door.
There is an open door here.
You open the door.
There is an open door here.
There is an open door here.
You open the door.
There is an open door here.
Key pressed, stopping explore.
You open the door.
Sigmund the Dreaded comes into view.
He is wielding a +0 scythe of venom.
Sigmund shouts!
Sigmund casts a spell.
Sigmund flickers and vanishes!
Deactivating autopickup; reactivate with Ctrl-A.
There is an open door here.
Something hits you!
You are poisoned. 😮 HP[-11]
You take 11 damage, and now have 28/39 hp.
MASSIVE DAMAGE!! (PAUSE)
You feel very sick. 😮 HP[-6]
You take 6 damage, and now have 22/39 hp.
It was a potion of brilliance.
You feel clever all of a sudden.
* * * LOW HITPOINT WARNING * * *
You feel very sick. Something hits you.
* * * LOW HITPOINT WARNING * * *
You are lethally poisoned! 😨 HP[-6]
You take 6 damage, and now have 16/39 hp.
It was a potion of magic.
Magic courses through your body.
* * * LOW HITPOINT WARNING * * *
You feel very sick.
You hear some strange, mumbled words.
A puff of flame appears from out of thin air!
The puff of flame hits you!
* * * LOW HITPOINT WARNING * * *
😱 HP[-12]
You take 12 damage, and now have 4/39 hp.
MASSIVE DAMAGE!! (PAUSE) It was a potion of curing.
You feel better. Something hits you but does no damage.
You are poisoned. 😨 HP[+6]
You regained 6 hp, and now have 10/39 hp.
You hit something.
* * * LOW HITPOINT WARNING * * *
You feel sick. 😱 HP[-2]
You take 2 damage, and now have 8/39 hp.
You feel better. Something hits you!
* * * LOW HITPOINT WARNING * * *
You are lethally poisoned! 😱 HP[-2]
You take 2 damage, and now have 6/39 hp.
There are no items here.
It was a potion of haste.
You feel yourself speed up.
* * * LOW HITPOINT WARNING * * *
You feel very sick.
You hear some strange, mumbled words.
You are confused. 😱 HP[-3]
You take 3 damage, and now have 3/39 hp.
* * * LOW HITPOINT WARNING * * *
You feel sick. 😱 HP[-2]
You take 2 damage, and now have 1/39 hp.
You die...

Skill      XL: |  1  2  3  4 |
---------------+-------------+-----
Unarmed Combat | 3 4 |  4.6
Dodging        | 1 2 |  2.2
Fighting       | |  3.6
Armour         | |  3.6
Shields        | |  3.6

Action                   |  1- 3 |  4- 6 || total
-------------------------+-------+-------++-------
Melee: Unarmed           |   101 |    13 ||   114
       Headbutt          |    18 |     2 ||    20
Throw: Stone             |    38 |    12 ||    50
  Use: Scroll            |     3 |     3 ||     6
       Potion            |       |     6 ||     6
Armor: Scale mail        |    32 |     5 ||    37
Dodge: Dodged            |    39 |     9 ||    48
Block: Buckler           |    20 |     5 ||    25

Levels and vault maps discovered:
D:1:      lightli_arrival_chessboard, layout_rooms,
          shapermc_ecumenical_altar_gd, minmay_quantized
D:2:      layout_basic, basic_altar, serial_bayou_pond_b, minmay_misc_feat_x,
          kennysheep_path_1, uniq_sigmund

Notes
Turn   | Place    | Note
-------+----------+-------------------------------------------
     0 | D:1      | spaghetti the Minotaur Fighter began the quest for the Orb.
     0 | D:1      | Reached XP level 1. HP: 19/19 MP: 0/0
     0 | D:1      | magus.rc [v1.9.6]
    26 | D:1      | You pick up a book of Spatial Translocations and begin
                  | reading...
    26 | D:1      | You add the spells Blink, Lesser Beckoning and Manifold
                  | Assault to your library.
    68 | D:1      | Found a faded altar of an unknown god.
   217 | D:1      | Reached skill level 3 in Unarmed Combat
   218 | D:1      | Reached XP level 2. HP: 16/26 MP: 1/1
   795 | D:1      | Reached XP level 3. HP: 31/31 MP: 2/2
   917 | D:1      | Reached skill level 4 in Unarmed Combat
  1141 | D:2      | Reached skill level 1 in Dodging
  1272 | D:2      | Found a sparkling altar of Nemelex Xobeh.
  1420 | D:2      | Reached XP level 4. HP: 39/39 MP: 3/3
  1452 | D:2      | HP: 8/39 [gnoll/+0 halberd (10)]
  1455 | D:2      | Reached skill level 2 in Dodging
  1921 | D:2      | Noticed Sigmund
  1926 | D:2      | HP: 4/39 [something/puff of flame (7)]
  1931 | D:2      | HP: 1/39 [poisoned by Sigmund]
  1932 | D:2      | Succumbed to Sigmund's poison

Vanquished Creatures
  4 gnolls (D:2)
  An adder (D:2)
  A dart slug (D:2)
  2 worms (D:2)
  2 ball pythons (D:1)
  5 endoplasms
  2 giant cockroaches
  3 goblins
  2 hobgoblins (D:1)
  6 jackals (D:1)
  A quokka (D:1)
  3 bats (D:1)
  6 kobolds
  8 rats
46 creatures vanquished.

Vanquished Creatures (others)
  2 demonic plants (D:1)
  A fungus (D:1)
  2 plants (D:2)
  2 withered plants (D:1)
7 creatures vanquished.

Grand Total: 53 creatures vanquished

Table legend:
 A = Non-vault XP
 B = Vault XP
 C = Vault XP percentage of total XP
 D = Non-vault monster count
 E = Vault monster count
 F = Vault count percentage of total count
                 A         B        C        D         E       F
            +---------+---------+-------+---------+---------+-------
      Total |     133 |      13 |   8.9 |      40 |       6 |  13.0
            +---------+---------+-------+---------+---------+-------
        D:1 |      42 |       6 |  12.5 |      25 |       3 |  10.7
        D:2 |      91 |       7 |   7.1 |      15 |       3 |  16.7
            +---------+---------+-------+---------+---------+-------

Illustrated notes

Table legend:
 A = Kills in this place as a percentage of kills in entire the game.
 B = Kills by you in this place as a percentage of kills by you in the entire game.
 C = Kills by friends in this place as a percentage of kills by friends in the entire game.
 D = Other kills in this place as a percentage of other kills in the entire game.
 E = Experience gained in this place as a percentage of experience gained in the entire game.
 F = Experience gained in this place divided by the number of levels of this place that you have seen.
                   A       B       C       D       E      F
               +-------+-------+-------+-------+-------+----------------------
         Total | 100.0 | 100.0 |   N/A |   N/A | 100.0 |  73.0
       Dungeon | 100.0 | 100.0 |   N/A |   N/A | 100.0 |  73.0
               +-------+-------+-------+-------+-------+----------------------

Table legend: (Time is in decaauts)
 A = Elapsed time spent in this place.
 B = Non-inter-level travel time spent in this place.
 C = Inter-level travel time spent in this place.
 D = Time resting spent in this place.
 E = Time spent auto-exploring this place.
 F = Levels seen in this place.
 G = Mean time per level.
                   A        B        C        D        E       F      G
               +--------+--------+--------+--------+--------+-----+--------+
         Total |   1935 |   1897 |     38 |    348 |   1249 |   2 |  967.5 |
       Dungeon |   1935 |   1897 |     38 |    348 |   1249 |   2 |  967.5 |
               +--------+--------+--------+--------+--------+-----+--------+

Top non-repeatable levels by time:
     D:1: 1052 daAuts
     D:2: 883 daAuts
